 Dungeon Crawl Stone Soup version 0.29.1-2-gbd0b4ee654 (webtiles) character file.

Game seed: 18262163022249206873

289 GorkyZ the Shield-Bearer (level 6, -8/48 HPs)
             Began as a Formicid Fighter on Nov 21, 2022.
             Killed by divine providence
             ... invoked by an orc priest
              (12 damage)
             ... on level 5 of the Dungeon.
             The game lasted 00:11:23 (4218 turns).

GorkyZ the Shield-Bearer (Formicid Fighter)         Turns: 4218, Time: 00:11:24

Health: -8/48      AC: 10    Str: 22    XL:     6   Next: 57%
Magic:  6/6        EV:  8    Int:  8    God:
Gold:   295        SH:  0    Dex: 13    Spells: 5/5 levels left

rFire   . . .      SeeInvis +   s - +0 war axe
rCold   . . .      Faith    .   c - +0 buckler
rNeg    . . .      Spirit   .   n - +0 chain mail
rPois   .          Reflect  .   (helmet unavailable)
rElec   .          Harm     .   (no cloak)
rCorr   .          Rampage  .   (no gloves)
Will    .....                   z - +0 pair of boots
Stlth   ..........              (no amulet)
HPRegen 0.16/turn               (no ring)
MPRegen 0.10/turn               (no ring)

@: confused
A: permanent stasis, dig shafts and tunnels, antennae 3, four strong arms
a: Dig, Shaft Self


You were on level 5 of the Dungeon.
You visited 2 branches of the dungeon, and saw 6 of its levels.

You collected 295 gold pieces.

Inventory:

Hand Weapons
 a - a +0 trident
 s - a +0 war axe (weapon)
 v - a +0 spear
Missiles
 k - 2 throwing nets
 t - 3 poisoned darts
Armour
 b - a +0 scale mail
 c - a +0 buckler (worn)
 n - a +0 chain mail (worn)
 p - the +1 robe "Niasymei" {Dex+6}
   (You found it on level 3 of the Dungeon)

   Dex:       It affects your dexterity (+6).
 z - a +0 pair of boots (worn)
Scrolls
 e - 4 scrolls of enchant armour {unknown}
 f - a scroll of immolation {unknown}
 g - 5 scrolls of poison {unknown}
 i - a scroll of summoning {unknown}
 m - 3 scrolls of identify {unknown}
 o - 2 scrolls of teleportation {unknown}
 q - 2 scrolls of fog {unknown}
 u - a scroll of enchant weapon {unknown}
 w - a scroll of noise {unknown}
 x - a scroll of fear {unknown}
 y - a scroll of blinking {unknown}
 C - a scroll of vulnerability {unknown}
Potions
 d - a potion of might
 h - 2 potions of haste {unknown}
 j - a potion of degeneration {unknown}
 l - a potion of mutation {unknown}
 r - 2 potions of heal wounds {unknown}
 A - 3 potions of curing {unknown}
 B - a potion of berserk rage {unknown}


   Skills:
 + Level 4.1 Fighting
 + Level 3.0 Polearms
 + Level 1.8 Throwing
 + Level 4.2 Armour
 + Level 1.6 Dodging
 + Level 5.2 Shields
 + Level 2.1 Evocations


You had 5 spell levels left.
You didn't know any spells.
Your spell library contained the following spells:

 Spells                   Type           Power      Damage    Failure   Level
 Apportation              Tloc           0%         N/A       99%         1
 Necrotise                Necr           0%         1d4       99%         1
 Slow                     Hex            0%         N/A       99%         1
 Summon Small Mammal      Summ           0%         N/A       99%         1
 Confusing Touch          Hex            0%         N/A       100%        3
 Vampiric Draining        Necr           0%         2d6       100%        3


Dungeon Overview and Level Annotations

Branches:
Dungeon (5/15)             Temple (1/1) D:4

Altars:
Ashenzari
Cheibriados
Dithmenos
Elyvilon
Fedhas
Hepliaklqana
Nemelex Xobeh
Okawaru
Qazlal
Ru
Sif Muna
Trog
Vehumet
Wu Jian
Xom
Yredelemnul
Zin
The Shining One

Shops:
D:3 (

Annotations:
D:2 1 runed translucent door, Crazy Yiuf


Innate Abilities, Weirdness & Mutations

You cannot be hasted, slowed, berserked, paralysed or teleported.
You can dig through walls and to a lower floor.
You have a pair of large antennae on your head. (SInv)
Your four strong arms can wield two-handed weapons with a shield.


Message History

The boomerang hits you but does no damage.
You hit the orc.
The orc is severely wounded.
You barely miss the orc. You hit the orc wizard.
The orc hits you with a +0 hand axe. You block the orc's attack.
You barely miss the orc.
The orc is severely wounded.
You hit the orc wizard. You hit the orc.
The orc wizard gestures at you while chanting.
The magic dart hits you but does no damage.
You block the orc's attack.
The orc priest calls upon Beogh to heal the orc wizard.
The orc wizard's wounds heal themselves!
The orc hits you but does no damage. The orc barely misses you.
You block the orc's attack.
The orc priest mumbles some strange prayers to Beogh against you.
Beogh smites you!
You slash the orc!
You kill the orc!
You closely miss the orc wizard. You hit the orc.
You kill the orc!
The orc wizard hits you with a +0 dagger.
You barely miss the orc. You barely miss the orc priest.
You closely miss the orc wizard. The orc hits you with a +0 flail.
* * * LOW HITPOINT WARNING * * *
The orc wizard gestures at you while chanting.
The magic dart hits you.
* * * LOW HITPOINT WARNING * * *
The orc priest hits you but does no damage.
You barely miss the orc priest. You barely miss the orc wizard.
You slash the orc!
You kill the orc!
The orc priest hits you with a +0 club.
* * * LOW HITPOINT WARNING * * *
The orc wizard gestures at you while chanting.
You are confused.
The orc wizard closely misses you.
The orc priest invokes the aid of Beogh against you.
Beogh smites you!
You die...

######### .......<#
........# ........#
........#
........####+#########
#######..o@)..........
#...o)..........
#.....$.........
+...............
#...............
#.....>.........
#...............
#...............
.....######+##...


You could see an orc priest and an orc wizard.

Vanquished Creatures
  A hound (D:4)
  An iguana (D:4)
  6 adders
  7 gnolls (D:4)
  4 dart slugs
  5 orcs
  4 endoplasms
  5 giant cockroaches
  15 goblins
  13 hobgoblins
  6 jackals
  5 ball pythons
  6 bats
  A frilled lizard (D:1)
  15 kobolds
  6 rats
100 creatures vanquished.

Notes
Turn   | Place    | Note
-------+----------+-------------------------------------------
     0 | D:1      | GorkyZ the Formicid Fighter began the quest for the Orb.
     0 | D:1      | Reached XP level 1. HP: 18/18 MP: 1/1
   191 | D:1      | Reached XP level 2. HP: 24/24 MP: 2/2
   516 | D:1      | Found a faded altar of an unknown god.
  1100 | D:2      | Reached XP level 3. HP: 25/29 MP: 3/3
  1231 | D:2      | Found a runed translucent door.
  1232 | D:2      | Noticed Crazy Yiuf
  1274 | D:2      | You fall into a shaft and drop 1 floor!
  1440 | D:2      | Reached skill level 1 in Throwing
  1440 | D:2      | Reached skill level 1 in Evocations
  1440 | D:2      | Reached XP level 4. HP: 31/36 MP: 4/4
  1748 | D:2      | Found a white marble altar of Elyvilon.
  1884 | D:3      | Identified the +1 robe "Niasymei" {Dex+6}
  2128 | D:3      | Found a white marble altar of Elyvilon.
  2129 | D:3      | Found an iron altar of Okawaru.
  2141 | D:3      | Found Zuffofept's Weapon Boutique.
  2223 | D:3      | Found a shimmering blue altar of Sif Muna.
  2224 | D:3      | Found a glowing golden altar of the Shining One.
  2224 | D:3      | Found a blossoming altar of Fedhas.
  2225 | D:3      | Found a sacrificial altar of Ru.
  2226 | D:3      | Found a shimmering altar of Xom.
  2228 | D:3      | Found a broken altar of Ashenzari.
  2229 | D:3      | Found a stormy altar of Qazlal.
  2473 | D:4      | Reached skill level 1 in Dodging
  2489 | D:4      | Reached XP level 5. HP: 30/42 MP: 5/5
  3328 | D:4      | Reached skill level 5 in Shields
  3469 | D:4      | Reached XP level 6. HP: 45/48 MP: 6/6
  3500 | D:4      | Found a staircase to the Ecumenical Temple.
  3509 | Temple   | Entered the Ecumenical Temple
  4105 | D:4      | Found a sparkling altar of Nemelex Xobeh.
  4180 | D:5      | Entered Level 5 of the Dungeon
  4218 | D:5      | Killed from afar by an orc priest

Illustrated notes

Levels and vault maps discovered:
D:1:      elethiomel_arrival_shortcut, layout_basic,
          shapermc_ecumenical_altar_pompeii, minmay_tetromino_l2
D:2:      layout_rooms, basic_altar, uniq_crazy_yiuf_cottage
D:3:      layout_rooms, minitemple, grunt_temple_overflow_open, serial_shops,
          shop
D:4:      corexii_shantytown, layout_basic, nemelex_diamond_rough_becter,
          minmay_temple_entry_arrows
D:5:      layout_gridville, makhleb_grotto_becter, hex_large, uniq_eustachio
Temple:   hellmonk_temple_micro_hex

Skill      XL: |  1  2  3  4  5  6 |
---------------+-------------------+-----
Throwing       | 1 |  1.8
Evocations     | 1 2 |  2.1
Dodging        | 1 |  1.6
Fighting       | 4 |  4.1
Shields        | 5 |  5.2
Armour         | 4 |  4.2
Polearms       | 3 |  3.0

Action                   |  1- 3 |  4- 6 || total
-------------------------+-------+-------++-------
Melee: Trident           |    72 |    54 ||   126
       War axe           |       |   122 ||   122
       Spear             |       |    48 ||    48
Armor: Scale mail        |    23 |     1 ||    24
       Chain mail        |       |   116 ||   116
Dodge: Dodged            |    27 |    67 ||    94
Block: Buckler           |    19 |    47 ||    66
